Map: Catalyst LE

Players

SALTKING - Winner!

  • Race: Terran Terran
  • Spawn Location: 5:00

Leon

  • Race: Terran Terran
  • League: Diamond
  • Spawn Location: 11:00

VOD

Have the link to the VOD?

Description

TvT build

Time

  • Played on: June 28, 2018, 10:06 p.m.
  • Length: 10:38
Show
View Real Time Build Order
Export as new Build Order

SALTKING Terran - Winner!

Build Orders: Cyclone Opening, Mech 

Get SALT Encoding   

  12  0:00  SCV  
  13  0:12  SCV  
  14  0:18  Supply Depot  
  14  0:25  SCV  
  15  0:29  Refinery  
  15  0:40  SCV  
  16  0:45  Barracks  
  16  0:52  SCV  
  17  1:04  SCV  
  18  1:16  SCV  
  19  1:31  Orbital Command  
  20  1:32  Reaper  
  20  1:43  Command Center  
  20  1:55  Factory  
  20  1:58  SCV  
  21  2:07  Barracks Reactor  
  21  2:10  Refinery, SCV  
  22  2:18  Supply Depot  
  22  2:22  SCV  
  23  2:39  SCV  
  24  2:49  Hellion, Cyclone  
  29  2:51  SCV  
  29  2:56  Supply Depot  
  29  2:58  Orbital Command  
  30  3:03  SCV  
  30  3:15  SCV  
  30  3:16  Cyclone  
  34  3:21  Cyclone  
  34  3:24  SCV  
  38  3:28  SCV  
  38  3:29  Engineering Bay  
  39  3:36  SCV  
  39  3:40  SCV  
  41  3:48  Cyclone  
  44  3:49  SCV  
  44  3:52  SCV  
  46  3:56  Cyclone  
  46  3:59  Supply Depot  
  46  4:01  SCV  
  50  4:04  Missile Turret  
  50  4:06  Missile Turret  
  50  4:07  SCV  
  51  4:13  SCV  
  51  4:16  Refinery  
  52  4:18  Refinery  
  52  4:19  SCV  
  52  4:22  Supply Depot  
  53  4:25  Cyclone, SCV  
  58  4:31  SCV  
  58  4:37  SCV  
  59  4:44  Command Center  
  59  4:45  Supply Depot  
  59  4:46  SCV  
  59  4:51  SCV  
  61  4:55  Cyclone  
  61  4:57  Cyclone  
  61  4:58  SCV  
  68  5:03  SCV  
  68  5:05  Barracks Tech Lab  
  69  5:07  Factory  
  67  5:17  SCV x2  
  69  5:24  Supply Depot  
  69  5:26  Factory  
  69  5:29  SCV  
  69  5:30  SCV  
  69  5:34  Barracks Tech Lab  
  71  5:36  Armory x2  
  71  5:40  Hellion  
  73  5:43  SCV  
  73  5:44  SCV  
  73  5:48  Hellion  
  77  5:55  SCV  
  78  5:57  Supply Depot  
  78  6:03  SCV  
  78  6:04  Orbital Command  
  76  6:05  Siege Tank  
  76  6:10  SCV  
  80  6:16  Hellion, Barracks Tech Lab  
  80  6:17  Hellion  
  84  6:21  Supply Depot, SCV  
  81  6:26  SCV  
  81  6:31  Orbital Command  
  82  6:33  SCV  
  82  6:34  Siege Tank  
  82  6:37  Siege Tank  
  82  6:38  Hellion x2, SCV  
  94  6:41  Terran Vehicle Weapons Level 1  
  94  6:42  Terran Vehicle And Ship Armor Level 1  
  94  6:45  SCV  
  95  6:50  Supply Depot, SCV  
  95  6:53  Supply Depot  
  96  7:00  SCV x2  
  98  7:02  SCV  
  98  7:06  Refinery  
  99  7:09  Factory  
  99  7:11  Siege Tank, Refinery  
  99  7:12  Factory, SCV  
  99  7:13  SCV  
  104  7:18  Barracks Tech Lab  
  104  7:20  SCV  
  102  7:24  Siege Tank, SCV  
  102  7:25  Hellion  
  102  7:26  Hellion, SCV  
  111  7:32  SCV  
  111  7:36  SCV  
  110  7:40  SCV  
  110  7:45  Missile Turret, SCV  
  110  7:48  Missile Turret  
  110  7:49  SCV  
  110  7:57  Siege Tank x2  
  117  7:58  Hellion x2, SCV  
  117  7:59  SCV  
  116  8:13  SCV x3  
  116  8:18  Siege Tank  
  122  8:24  Missile Turret  
  120  8:27  SCV x2  
  120  8:28  SCV  
  121  8:39  SCV x2  
  121  8:40  SCV  
  120  8:51  SCV x2  
  120  8:52  Missile Turret, SCV  
  120  9:01  Siege Tank x2  
  120  9:02  Siege Tank x2  
  133  9:03  Hellion x2  
  133  9:12  SCV  
  133  9:13  SCV  
  133  9:15  SCV  
  132  9:24  SCV  
  133  9:31  Hellion, SCV  
  133  9:32  Hellion, SCV  
  133  9:34  Siege Tank  
  133  9:36  Hellion, SCV  
  131  9:39  Siege Tank x2  
  131  9:44  SCV x2  
  133  9:52  Supply Depot  
  133  9:53  Supply Depot x2  
  133  9:54  Supply Depot  
  133  9:59  Supply Depot  
  133  10:00  Supply Depot  
  133  10:01  SCV  
  133  10:06  Hellion  
  131  10:17  Missile Turret x2  
Show
View Real Time Build Order
Export as new Build Order

Leon Terran 

Build Orders: Banshee Rush 

Get SALT Encoding   

  12  0:00  SCV  
  13  0:13  SCV  
  14  0:18  Supply Depot  
  14  0:25  Refinery  
  14  0:29  SCV  
  15  0:42  Barracks  
  15  0:46  SCV  
  16  0:58  SCV  
  16  1:00  Refinery  
  17  1:10  SCV  
  18  1:22  SCV  
  19  1:35  Reaper  
  19  1:37  Orbital Command  
  20  1:43  Supply Depot  
  20  1:54  Factory  
  20  2:05  SCV  
  20  2:07  Reaper  
  22  2:17  SCV  
  23  2:25  Supply Depot  
  23  2:29  SCV  
  24  2:45  Factory Reactor  
  24  2:47  Factory Tech Lab  
  24  2:48  Barracks Reactor  
  24  2:49  Starport  
  24  2:51  SCV  
  25  3:03  SCV  
  26  3:19  SCV  
  27  3:25  Supply Depot  
  27  3:31  SCV  
  28  3:35  Cyclone x2  
  28  3:38  Banshee  
  28  3:39  Cloaking Field  
  37  3:56  Supply Depot  
  37  4:04  Armory  
  35  4:20  Hellion  
  35  4:21  Hellion  
  39  4:24  Banshee  
  39  4:45  Command Center  
  39  4:50  Supply Depot  
  39  4:52  Terran Ship Weapons Level 1  
  36  5:27  Cyclone  
  36  5:28  Cyclone  
  42  5:33  SCV  
  43  5:35  Supply Depot  
  37  6:11  Banshee, Cyclone x2  
  43  6:13  Orbital Command  
  42  6:31  Orbital Command  
  42  6:43  Hellion x2  
  46  6:54  Bunker, SCV  
  47  7:03  Banshee  
  47  7:06  SCV  
  51  7:14  Marine  
  52  7:32  Marine  
  53  7:40  Cyclone x2  
  59  7:44  Refinery  
  59  7:45  Refinery  
  59  7:49  Banshee  
  59  7:50  Marine  
  63  8:07  Marine  
  63  8:12  Hellion x2  
  68  8:36  Banshee  
  68  8:50  Cyclone x2  
  71  9:04  SCV x2  
  73  9:16  SCV x2  
  75  9:18  Supply Depot  
  75  9:19  Banshee, Supply Depot  
  64  9:46  SCV  
  64  9:48  SCV  
  66  9:58  SCV  
  67  10:00  SCV  
Tags
 
Composition
Mech
League
Diamond
Matchup
TvT
Race
Terran
Spawn Locations
Cross Positions
Strategy
Banshee Rush
Add a new tag
Caveats
  • Supply blocks, unpowered buildings, or Contaminate may cause inaccurate times.
  • Supply counts are checked every 10 seconds.